 Dungeon Crawl Stone Soup version 0.28.0 (webtiles) character file.

Game seed: 10949505837915879967

612708 hofbold the Executioner (level 27, -3/256 HPs)
             Began as a Hill Orc Berserker on Feb 14, 2022.
             Was the Champion of Trog.
             Slain by a frost giant (17 damage)
             ... on level 5 of the Vaults on Feb 15, 2022.
             The game lasted 02:24:27 (56501 turns).

hofbold the Executioner (Hill Orc Berserker)       Turns: 56501, Time: 02:24:28

Health: -3/256     AC: 43    Str: 35    XL:     27
Magic:  32/32      EV: 17    Int: 11    God:    Trog [******]
Gold:   3522       SH: 23    Dex: 20    Spells: 26/26 levels left

rFire   + . .      SeeInvis .   K - +8 broad axe (elec)
rCold   . . .      Faith    .   Y - +0 tower shield {reflect}
rNeg    + . .      Spirit   .   Z - +9 plate armour of the Prince of Darkness {rF+}
rPois   +          Reflect  +   a - +2 helmet of Kikubaaqudgha's Envy {rPois Will+ Dex+2}
rElec   +          Harm     .   m - +2 cloak
rCorr   +          Rampage  .   s - +2 pair of gloves {Str+3}
Will    +++++                   k - +2 pair of boots
Stlth   ..........              S - amulet "Hablobu" {+Inv Regen+ Int+4 Dex+2}
HPRegen 2.32/turn               o - ring of Suntuus {Fly rN+ Will++ rCorr}
MPRegen 0.23/turn               T - ring "Feheic" {rElec rPois MP+9 Str-2 Dex+6}

@: strong-willed, flying, regenerating, studying Axes
A: camouflage 1
}: 4/15 runes: decaying, serpentine, slimy, abyssal
a: Renounce Religion, Evoke Invisibility, Berserk, Trog's Hand, Brothers in Arms


You were on level 5 of the Vaults.
You worshipped Trog.
Trog was exalted by your worship.
You visited 9 branches of the dungeon, and saw 48 of its levels.
You visited the Abyss 2 times.
You also visited: Trove, Bailey, Gauntlet and Wizlab.

You collected 7125 gold pieces.
You spent 3603 gold pieces at shops.

Inventory:

Hand Weapons
 D - the +9 heavy crossbow "Sniper" {vorpal, Acc+∞ SInv}
   (You found it on level 2 of the Vaults)

   Any ammunition fired from it inflicts extra damage upon your enemies.
   Any ammunition fired from it never misses its target.
   SInv:      It lets you see invisible.
 K - a +8 broad axe of electrocution (weapon)
Missiles
 b - 2 throwing nets
 h - 5 silver boomerangs (quivered)
 r - 766 bolts
 O - 5 silver javelins
 P - 10 javelins
 R - 11 curare-tipped darts
Armour
 a - the +2 helmet of Kikubaaqudgha's Envy (worn) {rPois Will+ Dex+2}
   (You acquired it on level 10 of the Dungeon)

   Dex:       It affects your dexterity (+2).
   rPois:     It protects you from poison.
   Will:      It increases your willpower.
 k - a +2 pair of boots (worn)
 m - a +2 cloak (worn)
 s - a +2 pair of gloves of strength (worn)
 w - +2 gold dragon scales
 Y - a +0 tower shield of reflection (worn)
 Z - the +9 plate armour of the Prince of Darkness (worn) {rF+}
   (You found it in a wizard's laboratory)

   rF:        It protects you from fire.
Jewellery
 o - the ring of Suntuus (left hand) {Fly rN+ Will++ rCorr}
   (You bought it in a shop on level 2 of the Orcish Mines)

   [ring of flight]

   rN:        It protects you from negative energy.
   Fly:       It grants you flight.
   rCorr:     It protects you from acid and corrosion.
   Will:      It greatly increases your willpower.
 J - the ring "Boitubat" {rPois Int+7}
   (You took it off a spriggan berserker on level 2 of the Depths)

   [ring of poison resistance]

   Int:       It affects your intelligence (+7).
   rPois:     It protects you from poison.
 M - a ring of see invisible
 N - a ring of magical power
 S - the amulet "Hablobu" (around neck) {+Inv Regen+ Int+4 Dex+2}
   (You found it on level 12 of the Dungeon)

   [amulet of regeneration]

   Int:       It affects your intelligence (+4).
   Dex:       It affects your dexterity (+2).
   +Inv:      It lets you turn invisible.
   Regen:     It increases your rate of health regeneration.
 T - the ring "Feheic" (right hand) {rElec rPois MP+9 Str-2 Dex+6}
   (You found it on level 12 of the Dungeon)

   [ring of dexterity]

   Str:       It affects your strength (-2).
   Dex:       It affects your dexterity (+6).
   rElec:     It insulates you from electricity.
   rPois:     It protects you from poison.
   MP:        It affects your magic capacity (+9).
Wands
 f - a wand of acid (29)
 u - a wand of charming (14)
 x - a wand of mindburst (16)
 y - a wand of digging (27)
 z - a wand of iceblast (50)
 A - a wand of paralysis (31)
 X - a wand of polymorph (10)
Scrolls
 c - 10 scrolls of fog
 g - a scroll of silence
 j - 4 scrolls of blinking
 q - 12 scrolls of teleportation
 C - 3 scrolls of magic mapping
 G - 2 scrolls of summoning
 H - 4 scrolls of holy word
 L - a scroll of fear
 U - a scroll of brand weapon
Potions
 d - 7 potions of might
 e - 2 potions of invisibility
 l - 5 potions of flight
 n - 7 potions of attraction
 p - 20 potions of curing
 t - 3 potions of berserk rage
 v - 7 potions of haste
 B - 8 potions of cancellation
 E - 6 potions of mutation
 W - 2 potions of resistance
Miscellaneous
 i - a tin of tremorstones (2/2)
 F - a lightning rod (4/4)
 I - a box of beasts
 Q - a condenser vane
 V - a phantom mirror


   Skills:
 + Level 22.9 Fighting
 - Level 23.0 Axes
 - Level 16.0 Throwing
 + Level 20.0 Armour
 + Level 15.6 Dodging
 + Level 19.5 Shields
 - Level 20.0 Evocations


You had 26 spell levels left.
You didn't know any spells.
Your spell library was empty.

Dungeon Overview and Level Annotations

Branches:
Dungeon (15/15)            Temple (0/1) D:5            Lair (6/6) D:8
  Swamp (4/4) Lair:2        Snake (4/4) Lair:3        Slime (5/5) Lair:5
    Orc (2/2) D:10            Elf (3/3) Orc:2        Vaults (5/5) D:14
  Crypt (0/3) Vaults:3     Depths (4/4) D:15            Zot (0/5) Depths:4
 Bailey (visited)          WizLab (visited)         Gauntlet (visited)

Altars:
Ashenzari
Dithmenos
Kikubaaqudgha
Okawaru
Sif Muna
Uskayaw
Vehumet
Wu Jian
Xom
Yredelemnul
Jiyva

Shops:
D:4 [   D:11 [   Orc:2 :*:*!(((   Elf:2 =   Snake:4 *   Depths:1 =:=[

Portals:
Hell: Depths:1 Depths:2 Depths:3 Depths:4
Abyss: Depths:3 Depths:4
Pandemonium: Depths:2 Depths:4
Ziggurat: Depths:2

Annotations:
Vaults:2 Sojobo


Innate Abilities, Weirdness & Mutations

Your skin changes colour to match your surroundings (Stealth+).


Message History

The bolt of lightning hits you! You resist.
* * * LOW HITPOINT WARNING * * *
The titan is engulfed in freezing vapours.
A deep elf death mage comes into view.
It is wielding a +1 dagger of holy wrath.
The vault guard is engulfed in freezing vapours.
You kill the vault guard!
Trog accepts your kill.
The tengu reaver is engulfed in freezing vapours.
The tengu reaver hits you but does no damage.
You block the tengu reaver's attack.
The tengu reaver claws you but does no damage.
The frost giant is engulfed in freezing vapours.
The frost giant barely misses you.
Training target 20.0 for Evocations reached!
Your Evocations skill increases to level 20!
The storm dragon is engulfed in freezing vapours.
The storm dragon breathes lightning at you.
The bolt of lightning hits you. You resist.
* * * LOW HITPOINT WARNING * * *
The ogre mage mumbles some strange words.
The ogre mage flickers and vanishes!
Deactivating autopickup; reactivate with Ctrl-A.
The titan is engulfed in freezing vapours.
The titan casts a spell at you. The bolt of lightning hits you! You resist.
* * * LOW HITPOINT WARNING * * *
The titan is engulfed in freezing vapours.
The titan waves its arms in wide circles.
The air twists around and strikes you.
* * * LOW HITPOINT WARNING * * *
The tengu reaver is engulfed in freezing vapours.
The tengu reaver hits you but does no damage.
You block the tengu reaver's attack.
The tengu reaver claws you but does no damage.
The phantasmal warrior is engulfed in freezing vapours.
The phantasmal warrior gestures at you.
The phantasmal warrior blinks!
The frost giant is engulfed in freezing vapours.
The frost giant hits you with a +2 battleaxe of freezing!
You die...

##..#§§§§#§##
....#§§§§§§§##.
.{§§§§§§..§§§
###§§§§§§..§###
...§§§§§§W§§...
....§§§§§§§☼...
...§§§CQC§§§...
...§§§§@D§§....
###§§§§)C§§####
...§§☼§§§§.#
.e..#§§§§#..#
### #....#.§§#
#....# §§§#
#....# §§.
#....# ##.


You could see 2 titans, a storm dragon (catching breath), a frost giant, a tengu
reaver, a deep elf death mage and a phantasmal warrior.

Vanquished Creatures
  the Royal Jelly (Slime:5)
  An ancient lich (Abyss:3)
  2 juggernauts (Depths:3)
  A royal mummy (WizLab)
  6 caustic shrikes
  3 golden dragons
  Nikola (Elf:2)
  Jory (Vaults:4)
  A bone dragon (Abyss:3)
  7 tentacled monstrosities
  7 liches
  4 hellephants (Depths:1)
  Mlioglotl (Swamp:3)
  A walking frostbound tome (Depths:3)
  A Hell Sentinel (Abyss:2)
  A walking divine tome (Depths:3)
  4 deep elf master archers (Elf:3)
  3 Executioners (Abyss:3)
  4 quicksilver dragons
  23 acid blobs
  A titan (Vaults:5)
  3 deep elf blademasters
  9 tentacled starspawn
  5 sphinxes
  4 storm dragons
  A shadow dragon (Depths:3)
  6 tengu reavers
  Donald (Swamp:2)
  6 nagarajas
  A fenstrider witch (Swamp:3)
  10 azure jellies
  14 fire giants
  8 frost giants
  10 rockslimes
  2 iron dragons (Depths:3)
  7 deep elf sorcerers
  2 orc warlords
  9 vault wardens
  The ghost of daodarkstar the Cleaver, a journeyman DsFi of Gozag (Swamp:1)
  3 deep elf elementalists (Elf:3)
  2 cacodemons
  Aizul (Swamp:1)
  3 spriggan defenders
  2 draconian annihilators (Depths:4)
  A juggernaut zombie (Depths:4)
  An angel (Abyss:3)
  9 quicksilver oozes
  14 stone giants
  An ophan (Abyss:1)
  A reaper (Abyss:3)
  A war gargoyle (Vaults:4)
  13 ironbound preservers
  A deep elf demonologist (Elf:3)
  33 very ugly things
  4 deep elf annihilators (Elf:3)
  7 ironbound thunderhulks
  2 grey draconians (Depths:4)
  3 yellow draconians
  3 bunyips (Swamp:4)
  3 eleionomae
  9 dire elephants
  An entropy weaver (Vaults:4)
  An entropy weaver (shapeshifter) (Depths:3)
  2 black draconians (Depths:4)
  2 red draconians (Depths:4)
  A minotaur (Gauntlet)
  4 spark wasps (Depths:4)
  A crystal guardian (Vaults:1)
  13 ettins
  Josephine (D:11)
  2 mummy priests (WizLab)
  6 yaktaur captains
  4 deep elf death magi
  4 shambling mangroves
  2 quicksilver dragon zombies
  A deep elf high priest (Elf:3)
  Fannar (D:10)
  13 fire dragons
  9 rakshasas
  27 vault guards
  5 boulder beetles
  9 great orbs of eyes
  19 naga warriors
  2 peacekeepers
  10 centaur warriors
  10 ice dragons
  A jorogumo (shapeshifter) (D:15)
  2 catoblepae
  Harold (D:10)
  31 hydras
  7 ironbound frosthearts
  5 spriggan air magi
  19 anacondas
  3 hell hogs (Abyss:3)
  11 deep troll earth magi
  7 alligators
  5 two-headed ogres
  6 deep troll shamans
  2 death knights
  2 death yaks (Lair:4)
  5 tengu warriors
  12 shock serpents
  10 spriggan berserkers
  2 vampire magi
  19 thrashing horrors
  24 dancing weapons
  An orc high priest (Orc:2)
  24 naga sharpshooters
  A sun demon (Depths:1)
  A titan zombie (Depths:1)
  Urug (Lair:3)
  A soul eater (Abyss:3)
  8 wretched stars
  13 deep elf knights
  A storm dragon zombie (Vaults:4)
  A titan skeleton (Abyss:3)
  6 salamander mystics
  9 iron trolls
  A shadow wraith (Vaults:2)
  2 sea snakes (Snake:1)
  2 spark wasp zombies
  A sixfirhy (Abyss:3)
  A golden dragon zombie (Depths:1)
  15 swamp dragons
  4 spatial maelstroms (Abyss:3)
  5 goliath frogs
  A death drake (shapeshifter) (D:13)
  5 skeletal warriors
  4 glowing orange brains
  An anaconda zombie (Abyss:3)
  58 deep trolls
  A bog body (Swamp:2)
  3 tengu zombies
  7 naga ritualists
  4 spriggan druids
  A flayed ghost (Depths:4)
  8 ironbound convokers
  8 necromancers
  9 wizards
  5 deep elf archers
  22 deep elf zephyrmancers
  A sphinx zombie (Depths:4)
  17 lindwurms
  26 deep elf pyromancers
  5 harpies (Vaults:2)
  8 orc knights
  A shadow dragon zombie (WizLab)
  A fire giant zombie (WizLab)
  An iron dragon zombie (WizLab)
  2 phantasmal warriors
  49 ugly things
  A stone giant zombie (WizLab)
  2 orc sorcerers (Orc:2)
  A mana viper (shapeshifter) (Depths:2)
  2 frost giant zombies (WizLab)
  11 cyclopes
  A human zombie (Vaults:4)
  8 mana vipers
  A cyclops (shapeshifter) (Depths:2)
  A manticore (shapeshifter) (Abyss:3)
  A tengu skeleton (Vaults:1)
  6 worldbinders
  5 manticores
  4 shining eyes
  15 salamanders
  A demonspawn zombie (WizLab)
  8 guardian serpents
  9 elephants
  20 vault sentinels
  60 black mambas
  A water nymph (Abyss:3)
  3 will-o-the-wisps
  A rust devil (Abyss:2)
  13 naga magi
  An apocalypse crab (Abyss:3)
  A fire giant skeleton (D:15)
  Joseph (D:7)
  A guardian serpent (shapeshifter) (Abyss:3)
  7 smoke demons
  3 eyes of devastation
  32 large abominations
  12 cane toads
  2 spriggan zombies
  3 gargoyles
  An unseen horror (shapeshifter) (Vaults:2)
  A torpor snail (Lair:4)
  4 unseen horrors
  A rime drake (shapeshifter) (Vaults:2)
  A cane toad (shapeshifter) (Depths:3)
  28 yaktaurs
  A hellion (Abyss:3)
  4 orange demons (Abyss:3)
  2 rime drakes
  Psyche (D:11)
  A komodo dragon (shapeshifter) (D:13)
  An efreet (Abyss:3)
  2 kobold demonologists
  7 komodo dragons
  5 freezing wraiths
  An ice devil (Gauntlet)
  9 tengu conjurers
  8 ancient zymes
  8 trolls
  2 guardian mummies (WizLab)
  A queen bee (D:13)
  4 meliai
  13 polar bears
  17 blink frogs
  14 hornets
  12 tyrant leeches
  20 raiju
  3 dream sheep (Lair:6)
  An ettin zombie (WizLab)
  54 starcursed masses
  19 flying skulls
  Sigmund (D:2)
  89 slime creatures
  5 wyverns
  3 shadows
  An air elemental (Elf:1)
  8 spriggans
  10 wraiths
  4 vampires
  2 ettin skeletons
  8 humans
  16 water elementals
  7 neqoxecs
  4 ynoxinuls
  4 fire elementals
  7 yaks
  12 golden eyes
  15 basilisks
  Grum (D:9)
  An elf skeleton (Vaults:4)
  A redback (Vaults:4)
  13 vampire mosquitoes
  5 chaos spawn (Abyss:3)
  2 spatial vortices (Abyss:3)
  3 steam dragons
  15 swamp worms
  7 wargs
  41 nagas
  Duvessa (D:7)
  4 acid dragons
  23 water moccasins
  13 hell hounds (Lair:6)
  A floating eye (Depths:3)
  A floating eye (shapeshifter) (D:14)
  24 orc warriors
  12 swamp drakes
  A hornet zombie (D:6)
  An ice beast (D:8)
  13 black bears
  6 ogres
  28 wolves
  15 centaurs
  2 phantoms
  27 small abominations
  A kobold brigand (D:8)
  3 elf zombies (Elf:1)
  4 earth elementals (Elf:3)
  14 bullfrogs
  A wyvern zombie (D:8)
  2 scorpions
  A water moccasin zombie (D:6)
  A wyvern skeleton (D:6)
  3 human skeletons
  Dowan (D:7)
  32 killer bees
  A water moccasin skeleton (D:5)
  3 wights (D:8)
  3 howler monkeys (D:9)
  18 electric eels
  5 quasits
  4 centaur zombies
  7 hounds
  A bullfrog skeleton (D:6)
  8 orc priests
  14 jellies
  2 centaur skeletons
  Crazy Yiuf (D:2)
  3 iron imps
  Jessica (D:2)
  4 iguanas
  18 orc wizards
  7 hell rats (Lair:3)
  Robin (D:2)
  5 adders
  5 gnolls
  A howler monkey skeleton (D:7)
  A shadow imp (Abyss:3)
  9 white imps
  6 ufetubi
  An adder skeleton (D:4)
  2 worms
  A dart slug (D:1)
  86 orcs
  2 bats
  9 endoplasms
  2 giant cockroaches
  25 goblins
  9 hobgoblins
  A quokka (D:4)
  10 ball pythons
  2 frilled lizards
  12 kobolds
  2 rats (D:2)
  A bush (Lair:6)
  A lurking horror (Abyss:1)
  8 starspawn tentacles
2266 creatures vanquished.

Vanquished Creatures (collateral kills)
  A golden dragon (Depths:3)
  A deep elf blademaster (Abyss:3)
  2 acid blobs (Slime:5)
  A thorn hunter (Abyss:3)
  A nagaraja (Snake:4)
  4 vault wardens (Vaults:2)
  A cacodemon (Abyss:2)
  An ironbound preserver (Vaults:2)
  2 deep elf demonologists (Elf:3)
  2 dire elephants (Abyss:3)
  An entropy weaver (Vaults:2)
  3 hydras
  A salamander tyrant (Snake:1)
  A great orb of eyes (Slime:5)
  A naga warrior (Snake:1)
  A boulder beetle (D:12)
  A death knight (D:13)
  A two-headed ogre (D:10)
  A vampire mage (Depths:1)
  2 orc high priests (Orc:2)
  A shock serpent (Snake:4)
  An iron troll (Depths:3)
  A salamander mystic (Snake:1)
  A deep troll (Depths:3)
  3 orc knights (Orc:2)
  2 harpies (Vaults:2)
  A wizard (Vaults:2)
  A cyclops (D:13)
  3 deep elf pyromancers
  6 ugly things
  3 salamanders
  An elephant (Lair:5)
  5 orc sorcerers
  A large abomination (Abyss:2)
  A water nymph (Abyss:3)
  6 black mambas
  A naga mage (Snake:4)
  A guardian serpent (Snake:4)
  4 vault sentinels (Vaults:2)
  A gargoyle (D:13)
  A komodo dragon (Lair:3)
  A yaktaur zombie (WizLab)
  4 yaktaurs
  An efreet (D:12)
  A rime drake (Lair:6)
  An ancient zyme (Abyss:3)
  A troll (D:13)
  A blink frog (Lair:3)
  A dream sheep (Lair:6)
  6 slime creatures
  A wraith (D:12)
  A ynoxinul (Abyss:3)
  A warg (Orc:1)
  2 nagas (Snake:4)
  A water moccasin (Lair:3)
  5 orc warriors
  An ogre (Orc:1)
  A bullfrog (Lair:3)
  2 small abominations
  4 orc priests
  An iguana (Lair:6)
  11 orc wizards
  4 orcs
  A goblin (Bailey)
127 creatures vanquished.

Vanquished Creatures (others)
  A fire giant (Depths:2)
  An ironbound preserver (Vaults:4)
  A ghost crab (Swamp:2)
  2 dancing weapons (Elf:2)
  2 deep elf knights (Elf:2)
  A deep elf pyromancer (Elf:2)
  A swamp dragon (Swamp:2)
  A deep elf archer (Elf:3)
  2 deep elf zephyrmancers (Elf:2)
  3 bloated husks
  A tyrant leech (Swamp:2)
  5 humans
  A naga (Snake:1)
  A swamp worm (Swamp:2)
  A floating eye (Depths:3)
  A large abomination (Abyss:3)
  An orc warrior (Orc:1)
  A centaur (D:10)
  An iguana (Lair:6)
  A goblin (Bailey)
  12 foxfires
  20 fungi
  A lurking horror (Abyss:3)
  96 plants
  24 starspawn tentacles
182 creatures vanquished.

Grand Total: 2575 creatures vanquished

Notes
Turn   | Place    | Note
-------+----------+-------------------------------------------
     0 | D:1      | hofbold the Hill Orc Berserker began the quest for the Orb.
     0 | D:1      | Reached XP level 1. HP: 19/19 MP: 1/1
   262 | D:1      | Reached XP level 2. HP: 22/27 MP: 2/2
   844 | D:1      | Reached XP level 3. HP: 27/33 MP: 3/3
  1376 | D:2      | Noticed Jessica
  1389 | D:2      | Noticed Sigmund
  1398 | D:2      | Killed Jessica
  1399 | D:2      | Reached XP level 4. HP: 40/40 MP: 4/4
  1399 | D:2      | Killed Sigmund
  1400 | D:2      | Reached skill level 5 in Axes
  1400 | D:2      | Reached skill level 1 in Throwing
  1400 | D:2      | Reached XP level 5. HP: 47/47 MP: 5/5
  1400 | D:2      | Reached XP level 6. HP: 55/55 MP: 6/6
  1540 | D:2      | Found a broken altar of Ashenzari.
  1805 | D:2      | Noticed Robin
  1817 | D:2      | Killed Robin
  1818 | D:2      | Reached skill level 5 in Fighting
  1878 | D:2      | Found a runed translucent door.
  1879 | D:2      | Noticed Crazy Yiuf
  2063 | D:2      | Killed Crazy Yiuf
  2170 | D:3      | Reached ** piety under Trog
  2440 | D:3      | Found a faded altar of an unknown god.
  2892 | D:4      | Identified the +1 robe of the Spider Nest {*Slow rN++ Str-5
                  | Int+8}
  3041 | D:4      | Reached XP level 7. HP: 45/61 MP: 7/7
  3255 | D:4      | Reached skill level 6 in Axes
  3257 | D:4      | Found Zonov's Antique Armour Emporium.
  3292 | D:4      | Bought a pair of runed gloves for 165 gold pieces
  3588 | D:5      | Entered Level 5 of the Dungeon
  3736 | D:5      | Found a staircase to the Ecumenical Temple.
  3885 | D:5      | Reached *** piety under Trog
  3994 | D:5      | Reached XP level 8. HP: 70/70 MP: 8/8
  4104 | D:5      | Reached skill level 1 in Shields
  4213 | D:6      | Reached skill level 1 in Evocations
  4296 | D:6      | Reached skill level 5 in Armour
  4489 | D:6      | Noticed a hornet
  4494 | D:6      | Paralysed by a hornet for 1 turns
  4499 | D:6      | Killed a hornet
  4500 | D:6      | Reached skill level 7 in Axes
  4698 | D:6      | Noticed a seven-headed hydra
  4704 | D:6      | Killed a seven-headed hydra
  4705 | D:6      | Reached XP level 9. HP: 41/79 MP: 9/9
  4816 | D:6      | Found a shadowy altar of Dithmenos.
  5563 | D:7      | Noticed Dowan
  5563 | D:7      | Noticed Duvessa
  5582 | D:7      | Killed Duvessa
  5583 | D:7      | Reached skill level 8 in Axes
  5621 | D:7      | Killed Dowan
  5640 | D:7      | Noticed Joseph
  5673 | D:7      | Killed Joseph
  5674 | D:7      | Reached XP level 10. HP: 88/88 MP: 10/10
  5831 | D:7      | Reached skill level 5 in Dodging
  5910 | D:8      | Reached skill level 5 in Throwing
  6033 | D:8      | Reached **** piety under Trog
  6109 | D:8      | Reached skill level 9 in Axes
  6158 | D:8      | Reached skill level 5 in Shields
  6266 | D:8      | Found a staircase to the Lair.
  6632 | Lair:1   | Entered Level 1 of the Lair of Beasts
  6642 | Lair:1   | Noticed a cane toad
  6647 | D:8      | Reached skill level 5 in Evocations
  6684 | Lair:1   | Killed a cane toad
  6702 | Lair:1   | Reached XP level 11. HP: 89/95 MP: 11/11
  7310 | Lair:1   | Reached skill level 10 in Axes
  8184 | D:9      | Noticed a cyclops
  8209 | D:9      | Killed a cyclops
  8416 | D:9      | Identified the +7 trident "Weisis" {vorpal, Int+5}
  8422 | D:9      | Noticed Grum
  8433 | D:9      | Killed Grum
  8626 | D:10     | Entered Level 10 of the Dungeon
  8695 | D:10     | Found a flagged portal.
  8705 | Bailey   | Entered a bailey
  8839 | Bailey   | Noticed a sun demon
  8970 | Bailey   | Found an iron altar of Okawaru.
  8970 | Bailey   | Noticed an orc sorcerer
  8976 | Bailey   | Killed an orc sorcerer
  9284 | Bailey   | Noticed an orc knight
  9294 | Bailey   | Reached XP level 12. HP: 106/106 MP: 12/12
  9470 | D:10     | Found a staircase to the Orcish Mines.
  9502 | Orc:1    | Entered Level 1 of the Orcish Mines
  9510 | Orc:1    | Reached ***** piety under Trog
  9518 | Orc:1    | Reached skill level 10 in Fighting
  9739 | D:10     | Noticed Fannar
  9763 | D:10     | Killed Fannar
  9790 | D:10     | Noticed a two-headed ogre
  9808 | D:10     | Killed a two-headed ogre
 10093 | D:10     | Acquired the +2 helmet of Kikubaaqudgha's Envy {rPois Will+
                  | Dex+2}
 10160 | D:10     | Noticed Harold
 10168 | D:10     | Killed Harold
 10169 | D:10     | Reached skill level 11 in Axes
 10418 | D:11     | Noticed Psyche
 10482 | D:11     | Killed Psyche
 10486 | D:11     | Noticed Sonja
 10557 | D:11     | Cast into level 1 of the Abyss (Sonja)
 10763 | Abyss:1  | Noticed a tentacled starspawn
 10773 | Abyss:1  | Killed a tentacled starspawn
 10796 | Abyss:1  | Noticed a starcursed mass
 10845 | Abyss:1  | Noticed a starcursed mass
 10855 | Abyss:1  | Killed a starcursed mass
 10866 | Abyss:1  | Noticed a rakshasa
 10879 | Abyss:1  | Killed a rakshasa
 10890 | Abyss:1  | Noticed a tentacled starspawn
 10917 | Abyss:1  | Noticed a thrashing horror
 11085 | Abyss:1  | Noticed a starcursed mass
 11103 | Abyss:1  | Killed a starcursed mass
 11238 | Abyss:1  | Noticed a starcursed mass
 11250 | Abyss:1  | Found a sparkling altar of Nemelex Xobeh.
 11297 | Abyss:1  | Found a corrupted altar of Lugonu.
 11322 | Abyss:1  | Noticed a starcursed mass
 11322 | Abyss:1  | Noticed a starcursed mass
 11350 | Abyss:1  | Noticed an ophan
 11416 | Abyss:2  | Noticed a tentacled starspawn
 11423 | Abyss:2  | Killed a tentacled starspawn
 11426 | D:11     | Escaped the Abyss
 11852 | Lair:2   | Found a staircase to the Swamp.
 12537 | Lair:3   | Found a gate leading to a gauntlet.
 12546 | Gauntlet | Entered a Gauntlet
 12546 | Gauntlet | Found a transporter.
 12546 | Gauntlet | Found a transporter.
 12547 | Gauntlet | Found a runed translucent door.
 12555 | Gauntlet | Found a transporter.
 12559 | Gauntlet | Found a transporter.
 12568 | Gauntlet | Found a transporter.
 12571 | Gauntlet | Found a transporter.
 12584 | Gauntlet | Found a transporter.
 12595 | Gauntlet | Found a transporter.
 12609 | Gauntlet | Found a transporter.
 12613 | Gauntlet | Found a transporter.
 12613 | Gauntlet | Found the +8 arc blade {discharge, rElec}
 12621 | Gauntlet | Found a transporter.
 12625 | Gauntlet | Found a transporter.
 12813 | Gauntlet | Identified the +1 pearl dragon scales of Zioz {rF- rN+
                  | Str+3}
 12813 | Gauntlet | Noticed a minotaur
 12855 | Gauntlet | Killed a minotaur
 12856 | Gauntlet | Reached XP level 13. HP: 103/115 MP: 13/13
 13091 | Lair:3   | Found a staircase to the Snake Pit.
 13313 | Lair:3   | Reached skill level 12 in Axes
 13496 | Lair:3   | Reached skill level 10 in Armour
 13652 | Lair:3   | Noticed Urug
 13661 | Lair:3   | Killed Urug
 14033 | Lair:4   | Identified the +2 chain mail "Giam" {Will+}
 14861 | Lair:5   | Found a staircase to the Slime Pits.
 15288 | Lair:6   | Entered Level 6 of the Lair of Beasts
 15299 | Lair:5   | Reached XP level 14. HP: 106/125 MP: 14/14
 15528 | Lair:6   | Reached skill level 13 in Axes
 16419 | Lair:6   | Reached skill level 10 in Shields
 17086 | Orc:2    | Entered Level 2 of the Orcish Mines
 17295 | Orc:2    | Found Toebilla's Weapon Boutique.
 17318 | Orc:2    | Received a gift from Trog
 17437 | Orc:2    | Found Ceuwn's Antique Weapon Boutique.
 17449 | Orc:2    | Found Segext's Distillery.
 17452 | Orc:2    | Reached XP level 15. HP: 115/134 MP: 15/15
 17509 | Orc:2    | Found Ocame's General Store.
 17511 | Orc:2    | Found Gaezol's Weapon Boutique.
 17517 | Orc:2    | Bought a potion of curing for 48 gold pieces
 17634 | Orc:2    | Found Julirgh's Book Shoppe.
 17726 | Orc:2    | Found a staircase to the Elven Halls.
 17823 | Orc:2    | Found Zylanaxe's Assorted Antiques.
 17829 | Orc:2    | Bought a shimmering amber ring for 125 gold pieces
 17829 | Orc:2    | Identified the ring of Suntuus {Fly rN+ Will++ rCorr} (You
                  | bought it in a shop on level 2 of the Orcish Mines)
 17829 | Orc:2    | Bought 2 potions of curing for 150 gold pieces
 17829 | Orc:2    | Bought a glowing plate armour for 650 gold pieces
 17829 | Orc:2    | Bought a crooked glass wand for 100 gold pieces
 17829 | Orc:2    | Bought a potion of curing for 75 gold pieces
 17829 | Orc:2    | Bought a potion of curing for 75 gold pieces
 17864 | Orc:2    | Found Zuonk's Book Shoppe.
 18258 | Orc:2    | Bought a potion of haste for 130 gold pieces
 18258 | Orc:2    | Bought a potion of curing for 39 gold pieces
 18258 | Orc:2    | Bought a potion of curing for 39 gold pieces
 18258 | Orc:2    | Bought a potion of haste for 130 gold pieces
 18258 | Orc:2    | Bought a potion of mutation for 104 gold pieces
 18258 | Orc:2    | Bought a potion of might for 52 gold pieces
 18258 | Orc:2    | Bought a potion of haste for 130 gold pieces
 18258 | Orc:2    | Bought a potion of might for 52 gold pieces
 18258 | Orc:2    | Bought a potion of cancellation for 104 gold pieces
 18358 | D:11     | Found Iqaicown's Armour Boutique.
 18361 | D:11     | Noticed Josephine
 18370 | D:11     | Killed Josephine
 18418 | D:11     | You fall into a shaft and drop 3 floors!
 18445 | D:14     | Found a frozen archway.
 18470 | D:13     | Reached skill level 14 in Axes
 18937 | D:11     | Noticed Sonja
 18937 | D:11     | Sonja changed into Sonja the human
 18939 | D:11     | Killed Sonja the human
 18984 | D:11     | Reached skill level 10 in Evocations
 19458 | D:12     | Identified the +1 leather armour of Darkness {-Tele *Slow
                  | Int+9}
 19532 | D:12     | Identified the ring of New Discoveries {rElec rC+ Dex+4}
 19580 | D:12     | Identified the amulet "Hablobu" {+Inv Regen+ Int+4 Dex+2}
 19583 | D:12     | Identified the ring "Feheic" {rElec rPois MP+9 Str-2 Dex+6}
 19768 | D:12     | Identified the amulet of Murusk {Reflect rC- Dex+7 SH+5}
 19910 | D:12     | Identified the +2 war axe of Desertification {vorpal, *Slow
                  | rC+ Int+4 SInv}
 20354 | D:12     | Reached skill level 10 in Throwing
 20467 | D:13     | Identified the +6 spear of the Shoals {vorpal, rElec}
 20690 | D:13     | Reached XP level 16. HP: 129/145 MP: 16/16
 21390 | D:14     | Found a shadowy altar of Dithmenos.
 21522 | D:14     | Received a gift from Trog
 21538 | D:14     | Found a gate to the Vaults.
 21721 | D:14     | Reached skill level 15 in Axes
 21750 | D:14     | Paralysed by a floating eye for 3 turns
 22121 | D:15     | Entered Level 15 of the Dungeon
 22176 | D:15     | Found a staircase to the Depths.
 22297 | D:15     | Reached skill level 10 in Dodging
 22564 | D:15     | Found a runed translucent door.
 23507 | D:15     | Identified the +5 scimitar of Checks and Balances {vorpal,
                  | Int+4}
 23526 | D:15     | Noticed a tengu reaver
 23537 | D:15     | Killed a tengu reaver
 23537 | D:15     | Received a gift from Trog
 23846 | Snake:1  | Entered Level 1 of the Snake Pit
 23948 | Snake:1  | Reached XP level 17. HP: 70/154 MP: 17/17
 24596 | Snake:1  | Reached skill level 16 in Axes
 25282 | Snake:2  | Reached skill level 15 in Fighting
 25569 | Snake:2  | Found a radiant altar of Vehumet.
 26829 | Snake:2  | Reached XP level 18. HP: 163/163 MP: 18/18
 28197 | Snake:4  | Entered Level 4 of the Snake Pit
 28271 | Snake:4  | Reached skill level 17 in Axes
 28916 | Snake:4  | Found Qourchoon's Assorted Antiques.
 28921 | Snake:4  | Bought a scroll labelled WICRYEMMAA for 25 gold pieces
 28921 | Snake:4  | Bought a scroll of identify for 50 gold pieces
 28930 | Snake:4  | Found a broken altar of Ashenzari.
 29139 | Snake:4  | Received a gift from Trog
 29420 | Snake:4  | Noticed a quicksilver dragon
 29430 | Snake:4  | Killed a quicksilver dragon
 29566 | Snake:4  | Noticed a quicksilver dragon
 29583 | Snake:4  | Killed a quicksilver dragon
 29914 | Snake:4  | Got a serpentine rune of Zot
 30400 | Vaults:1 | Entered Level 1 of the Vaults
 30419 | Vaults:1 | Reached XP level 19. HP: 172/172 MP: 19/19
 30910 | Vaults:1 | You fall into a shaft and drop 1 floor!
 31006 | Vaults:2 | Reached skill level 15 in Armour
 31014 | Vaults:2 | Found a portal to a secret trove of treasure.
 31166 | Vaults:2 | Received a gift from Trog
 31196 | Vaults:2 | Reached skill level 18 in Axes
 32468 | Vaults:2 | Noticed a tentacled monstrosity
 32483 | Vaults:2 | Received a gift from Trog
 32485 | Vaults:2 | Killed a tentacled monstrosity
 32491 | Vaults:2 | Reached XP level 20. HP: 53/184 MP: 20/20
 32512 | Vaults:2 | Noticed Sojobo
 32525 | Vaults:2 | Paralysed by an air elemental for 1 turns
 32530 | Vaults:2 | Paralysed by an air elemental for 1 turns
 32535 | Vaults:2 | Paralysed by an air elemental for 1 turns
 32539 | Vaults:2 | Paralysed by an air elemental for 1 turns
 32545 | Vaults:2 | Paralysed by an air elemental for 1 turns
 32548 | Vaults:2 | HP: 11/276 [Sojobo (18)]
 32550 | Vaults:2 | Paralysed by an air elemental for 1 turns
 32954 | Swamp:1  | Entered Level 1 of the Swamp
 33129 | Elf:1    | Entered Level 1 of the Elven Halls
 33157 | Elf:1    | Found an ancient bone altar of Kikubaaqudgha.
 33310 | Elf:1    | Reached skill level 15 in Shields
 34304 | Elf:2    | Identified the +1 spear "Usir" {holy, rF+ rN+ Int-5}
 34556 | Elf:2    | Identified the amulet "Rabuameo" {Spirit rC+}
 34563 | Elf:2    | Found Ylolurye's One-of-a-Kind Rings.
 34616 | Elf:2    | Received a gift from Trog
 34778 | Elf:2    | Found a runed translucent gate.
 34778 | Elf:2    | Found a runed translucent gate.
 34780 | Elf:2    | Found a runed translucent gate.
 35039 | Elf:2    | Noticed Nikola
 35054 | Elf:2    | Killed Nikola
 35643 | Elf:3    | Entered Level 3 of the Elven Halls
 35655 | Elf:3    | Found a shimmering blue altar of Sif Muna.
 35966 | Elf:3    | Found a magical portal.
 35985 | WizLab   | Entered Doroklohe's Tomb
 36227 | WizLab   | Identified the +1 leather armour "Nuwomn" {rPois Will++
                  | rCorr Stlth-}
 36319 | WizLab   | Noticed a royal mummy
 36342 | WizLab   | Killed a royal mummy
 36376 | WizLab   | Identified the +6 ring mail "Efucru" {Rampage Will+}
 36458 | WizLab   | Identified the +9 plate armour of the Prince of Darkness
                  | {rF+}
 36463 | WizLab   | Found the +4 Cigotuvi's embrace {rMiasma Drain rN+}
 37415 | Elf:3    | Reached XP level 21. HP: 145/193 MP: 21/21
 37584 | Orc:2    | Bought the +5 sword of Power {vorpal} for 1360 gold pieces
 37584 | Orc:2    | Found the +5 sword of Power {vorpal}
 37870 | Vaults:2 | You paid a toll of the sword of Power to enter a treasure
                  | trove
 37871 | Trove    | Entered a treasure trove
 37956 | Vaults:2 | Found the +9 heavy crossbow "Sniper" {vorpal, Acc+∞ SInv}
 38978 | Elf:3    | Received a gift from Trog
 39314 | Elf:3    | Reached skill level 15 in Evocations
 39343 | Elf:3    | Identified the +3 mace of the Undead {holy, rN+ rCorr
                  | Int-5}
 39411 | Elf:3    | Identified the ring "Xucull" {rN+ rCorr}
 39429 | Elf:3    | Identified the ring of the Jester {rPois rC- Will+ Dex+2}
 39894 | Swamp:1  | Found a runed translucent gate.
 39894 | Swamp:1  | Found a runed translucent gate.
 39894 | Swamp:1  | Found a runed translucent gate.
 39894 | Swamp:1  | Noticed daodarkstar's ghost (journeyman DsFi)
 39922 | Swamp:1  | Killed daodarkstar's ghost
 40056 | Swamp:1  | Noticed Aizul
 40070 | Swamp:1  | Killed Aizul
 40627 | Swamp:2  | Noticed Donald
 40635 | Swamp:2  | Killed Donald
 41425 | Swamp:3  | Noticed Mlioglotl
 41441 | Swamp:3  | Killed Mlioglotl
 41608 | Swamp:4  | Entered Level 4 of the Swamp
 41628 | Swamp:4  | Reached ****** piety under Trog
 41628 | Swamp:4  | Received a gift from Trog
 41642 | Swamp:4  | Reached skill level 19 in Axes
 41662 | Swamp:4  | Got a decaying rune of Zot
 41917 | Swamp:4  | Reached XP level 22. HP: 193/204 MP: 22/22
 42327 | Slime:1  | Entered Level 1 of the Pits of Slime
 43079 | Slime:2  | Received a gift from Trog
 43623 | Slime:5  | Entered Level 5 of the Pits of Slime
 43865 | Slime:3  | Reached skill level 20 in Axes
 44650 | Slime:5  | Noticed the Royal Jelly
 44651 | Slime:5  | Gained mutation: You sometimes lose the ability to read
                  | scrolls when taking damage. [a shining eye]
 44881 | Slime:5  | Found a viscous altar of Jiyva.
 44885 | Slime:5  | Found the +8 demon blade "Leech" {vamp, Harm Drain rN+}
 44938 | Slime:5  | Received a gift from Trog
 44948 | Slime:5  | Killed the Royal Jelly
 44996 | Slime:5  | Identified the +6 chain mail of Serendipity {rC+}
 45005 | Slime:5  | Identified the +4 mace of Grace {vorpal, *Slow Fly Will+
                  | Int+2}
 45022 | Slime:5  | Identified the +3 whip "Qehoips" {freeze, rPois rN+}
 45049 | Slime:5  | Got a slimy rune of Zot
 45719 | Depths:1 | Entered Level 1 of the Depths
 45876 | Depths:1 | Found Ojaudon's Armour Boutique.
 46310 | Depths:1 | Reached XP level 23. HP: 174/213 MP: 23/23
 46503 | Depths:1 | Reached skill level 21 in Axes
 46504 | Depths:1 | Received a gift from Trog
 46656 | Depths:1 | Acquired 641 gold pieces
 46734 | Depths:1 | Found a gateway to Hell.
 46978 | Depths:1 | Found Liasun's Book Emporium.
 46979 | Depths:1 | Found Pemyrast's Jewellery Shop.
 46979 | Depths:1 | Found Riom's Jewellery Shop.
 47278 | Depths:2 | Reached skill level 15 in Throwing
 47387 | Depths:2 | Found a one-way gate leading to the halls of Pandemonium.
 47475 | Depths:2 | Found a one-way gateway to a ziggurat.
 48079 | Depths:3 | Paralysed by a floating eye for 3 turns
 48096 | Depths:3 | You are sucked into a shaft and drop 1 floor!
 48096 | Depths:4 | Entered Level 4 of the Depths
 48257 | Depths:3 | Received a gift from Trog
 48269 | Depths:3 | Noticed a golden dragon
 48278 | Depths:3 | Killed a golden dragon
 48499 | Depths:3 | Found a one-way gate to the infinite horrors of the Abyss.
 48565 | Depths:3 | Found an ornate altar of the Wu Jian Council.
 48565 | Depths:3 | Found an iron altar of Okawaru.
 48566 | Depths:3 | Found a hide-covered altar of Uskayaw.
 48596 | Depths:3 | Noticed a caustic shrike
 48610 | Depths:3 | Killed a caustic shrike
 48671 | Depths:3 | Lost mutation: You sometimes lose the ability to read
                  | scrolls when taking damage. [potion of mutation]
 48671 | Depths:3 | Gained mutation: Your spells are a little harder to cast,
                  | but a little more powerful. [potion of mutation]
 48671 | Depths:3 | Gained mutation: Your skin changes colour to match your
                  | surroundings (Stealth+). [potion of mutation]
 48851 | Depths:3 | Noticed a golden dragon
 48862 | Depths:3 | Killed a golden dragon
 48863 | Depths:3 | Reached XP level 24. HP: 161/224 MP: 23/23
 49436 | Depths:3 | Noticed a juggernaut
 49462 | Depths:3 | Killed a juggernaut
 49504 | Depths:3 | Identified the ring of the Death Scarab {Ice rPois Int+5}
 49507 | Depths:3 | Identified the ring "Boitubat" {rPois Int+7}
 49513 | Depths:3 | Noticed a juggernaut
 50209 | Depths:3 | Killed a juggernaut
 50716 | Depths:4 | Received a gift from Trog
 50763 | Depths:4 | Found a gate to the Realm of Zot.
 50918 | Depths:4 | Noticed a caustic shrike
 50919 | Depths:4 | Noticed a caustic shrike
 50919 | Depths:4 | Noticed a caustic shrike
 50919 | Depths:4 | Noticed a caustic shrike
 50919 | Depths:4 | Noticed a caustic shrike
 50930 | Depths:4 | Killed a caustic shrike
 50937 | Depths:4 | Killed a caustic shrike
 50943 | Depths:4 | Killed a caustic shrike
 50951 | Depths:4 | Killed a caustic shrike
 50965 | Depths:4 | Killed a caustic shrike
 51016 | Depths:4 | Found a shimmering altar of Xom.
 51360 | Depths:4 | Reached skill level 22 in Axes
 51389 | Depths:4 | Voluntarily entered the Abyss.
 51897 | Abyss:2  | Found an iron altar of Okawaru.
 52377 | Abyss:3  | Noticed an ancient lich
 52405 | Abyss:3  | Killed an ancient lich
 52649 | Abyss:3  | Found a shimmering blue altar of Sif Muna.
 52789 | Abyss:3  | Paralysed by accursed screaming for 1 turns
 52840 | Abyss:3  | Paralysed by you for 3 turns
 53107 | Abyss:3  | Reached XP level 25. HP: 59/234 MP: 18/18
 53107 | Abyss:3  | Reached XP level 26. HP: 61/242 MP: 18/18
 53107 | Abyss:3  | Got an abyssal rune of Zot
 53364 | Abyss:3  | Paralysed by accursed screaming for 1 turns
 53396 | Abyss:3  | Lost mutation: Your spells are a little harder to cast, but
                  | a little more powerful. [a neqoxec]
 53496 | Abyss:3  | Found a corrupted altar of Lugonu.
 53500 | Depths:4 | Escaped the Abyss
 53700 | Depths:4 | Found a basalt altar of Yredelemnul.
 54212 | Vaults:3 | Reached skill level 15 in Dodging
 54736 | Vaults:3 | Found a staircase to the Crypt.
 55078 | Vaults:4 | Reached XP level 27. HP: 243/254 MP: 23/23
 55426 | Vaults:4 | Noticed Jory
 55442 | Vaults:4 | Killed Jory
 55443 | Vaults:4 | Reached skill level 23 in Axes
 55759 | Vaults:4 | Received a gift from Trog
 56471 | Vaults:5 | Entered Level 5 of the Vaults
 56501 | Vaults:5 | Slain by a frost giant

Illustrated notes

Levels and vault maps discovered:
D:1:      heliophobic_arrival_henge, layout_basic, kennysheep_crisscross
D:2:      layout_loops_cross, basic_altar, uniq_crazy_yiuf_cottage, uniq_robin,
          uniq_jessica, uniq_sigmund
D:3:      layout_basic, basic_ecumenical_altar
D:4:      layout_gridville, serial_shops, nicolae_shop_hallway_plus
D:5:      layout_basic, minmay_temple_entry_poolview
D:6:      layout_basic, mainiacjoe_overflow_boulevard, minmay_microvault
D:7:      layout_basic, chequers_garden, uniq_duvessa, uniq_joseph
D:8:      layout_gridville, erik_lair_island, fungi_pond_lemuel,
          grunt_ministairs_6, hangedman_abyss_or_decor_stagger
D:9:      layout_roguey, uniq_grum
D:10:     layout_loops_cross, erik_orc_3, enter_bailey_3, uniq_fannar,
          uniq_harold
D:11:     layout_cave_pools, serial_shops, nicolae_shop_behind_doors,
          uniq_josephine, uniq_psyche, uniq_sonja
D:12:     minmay_the_grid_triangle_9x9_rhombus_thin_mashed
          [minmay_the_grid_triangle_9x9_sparse_checkered,
          minmay_the_grid_triangle_9x9_prize_special,
          minmay_the_grid_triangle_9x9_corruption,
          minmay_the_grid_triangle_9x9_steps], layout_loops_cross,
          grunt_tough_drop
D:13:     layout_basic, special_room [special_room_bee],
          minmay_tree_intersection, minmay_joined_circles
D:14:     layout_basic, ximxim_vaults_locker_room, nrook_campfire,
          portal_ice_cave_entry_frozen_things, nicolae_dithmenos_shadow_blocks
D:15:     gammafunk_depths_entry_grave, layout_basic, serial_bayou_pond_a,
          lightli_airlock
Lair:1:   layout_small_grid, enter_volcano_1, nicolae_quartered_pool_super,
          serial_bayou_shore_a
Lair:2:   layout_cave_pods, minmay_swamp_entry_swarm, grunt_megastairs_5
Lair:3:   wander_river, layout_regular_city, minmay_snake_entry_six_corridors,
          gauntlet_entry_generic, kennysheep_basilisk_garden, uniq_urug
Lair:4:   layout_layer_cave, grunt_megastairs_3, infiniplex_staircase_pool
Lair:5:   layout_regular_city, nicolae_slime_entry_slimehenge,
          lemuel_old_faithful, serial_bayou_shore_b
Lair:6:   guppyfry_lair_end_dragon, layout_gridlike,
          hangedman_lair_caniforms_friends, grunt_megastairs_2
Swamp:1:  layout_basic_swamp, ebering_ghost_rock_garden, serial_swamp_ruin,
          evilmike_swamp_ruin_house_1, evilmike_swamp_ruin_house_2, swamp_pool2,
          uniq_aizul
Swamp:2:  layout_basic_swamp, evilmike_swamp_ruin_house_5, uniq_donald
Swamp:3:  layout_falls_marsh, evilmike_swamp_ruin_rubble_2, swamp_pool4,
          nicolae_swamp_snake_nest, uniq_mlioglotl
Swamp:4:  swamp, layout_basic_swamp
Snake:1:  nicolae_snake_shooting_gallery, layout_rooms,
          hangedman_snake_sidewinding
Snake:2:  layout_misc_corridors, basic_altar, nicolae_snake_bzzzt
Snake:3:  layout_rooms, serial_bayou_pond_c
Snake:4:  hellmonk_snake_rune_quicksilver_temple, layout_onion_interference,
          basic_altar, serial_shops, nicolae_shop_stone,
          nicolae_snake_slithery_hallway
Slime:1:  layout_caves
Slime:2:  nicolae_slime_jelly_donut, layout_caves
Slime:3:  layout_caves
Slime:4:  layout_caves, cheibrodos_slime_lost_civilization_4
Slime:5
Orc:1:    layout_caves
Orc:2:    st_orc_elflike, layout_diamond_mine, serial_shops,
          nicolae_shop_bloodbath_and_beyond, shop, shop_statue, shop
Elf:1:    minmay_elf_arrival_summoners, layout_geoelf_octagon, basic_altar,
          minmay_elf_necromancy
Elf:2:    nicolae_elf_blades_splatter_lattice [grunt_blade_entry_basic],
          layout_geoelf_octagon, grunt_ministairs_2, nicolae_shop_unique_rings,
          guppyfry_library_mini, uniq_nikola
Elf:3:    minmay_elf_hall, layout_geoelf_grid, basic_altar,
          lightli_enter_wizlab_magi_temple
Vaults:1: v_misc_13, grunt_vaults_funnel, v_rooms_5, v_pattern_3,
          vaults_room_fours, layout_vaults_quadrants
Vaults:2: vaults_dpeg_hooks, v_misc_11, hangedman_vaults_nodes,
          ontoclasm_vaults_pinch, hangedman_vaults_impose,
          hangedman_vaults_maws, minmay_guarded_unrand_secular_launcher,
          v_pattern_2, vaults_room_ringed_pool, v_misc_5, vaults_mumra_hexcomb,
          ontoclasm_vaults_loading_screen, ontoclasm_vaults_ligature,
          nicolae_vaults_gold_heap, layout_vaults_ring, enter_trove_2,
          uniq_sojobo
Vaults:3: minmay_crypt_entry_vampire_xt, vaults_dpeg_cross, v_rooms_1,
          vaults_room_corners, grunt_vaults_twisty,
          nicolae_vaults_little_squares_1, vaults_dpeg_diagonal, v_misc_19,
          vaults_mumra_hex, vaults_standard_mumra_x,
          ontoclasm_vaults_ring_square, nicolae_vaults_big_angled_halls,
          v_alt_pattern_6, layout_vaults_maze_bifur
Vaults:4: hangedman_vaults_river_flow, v_pattern_4, v_misc_33, v_misc_16,
          v_misc_12, nicolae_vaults_specimen_jars, v_misc_28,
          nicolae_vaults_network_quincunx
          [nicolae_vaults_network_quincunx_subvault,
          nicolae_vaults_network_quincunx_subvault,
          nicolae_vaults_network_quincunx_subvault,
          nicolae_vaults_network_quincunx_subvault,
          nicolae_vaults_network_quincunx_subvault],
          ontoclasm_vaults_loading_screen, v_misc_19, layout_vaults_omnibox,
          uniq_jory
Vaults:5
Depths:1: layout_cave_shapes, serial_shops, nicolae_shop_statue_plus,
          minmay_misc_feat_chi, hangedman_geh_valley,
          dilly_guarded_unrand_elemental_staff, grunt_megastairs_1,
          serial_bayou_shore_b, minmay_shop_grove
Depths:2: minmay_angry_zag, layout_cross, enter_ziggurat_b, hell_entry,
          nicolae_elevator_lobby_asterisk, pan_entry,
          infiniplex_staircase_pool_2
Depths:3: hangedman_slaughterboxes, serial_shops, abyss_entry, hell_entry
Depths:4: evilmike_zot_entry_gauntlet, layout_gridlike, hell_entry,
          xom_teletrap_fun, pan_entry, minmay_room_of_horrors,
          hangedman_decor_points, lemuel_zombie_altar_yredelemnul

Skill      XL: |  1  2  3  4  5  6  7  8  9 10 11 12 13 14 15 16 17 18 19 20 21 22 23 24 25 26 27 |
---------------+----------------------------------------------------------------------------------+-----
Fighting       | 4 5 7 8 9 10 11 12 13 14 15 16 17 18 19 20 22 | 22.9
Dodging        | 2 3 4 5 6 7 8 9 10 11 12 13 14 15 | 15.6
Armour         | 3 4 5 6 7 8 9 10 11 12 13 14 15 16 17 18 19 20 | 20.0
Axes           | 5 6 7 8 9 10 11 12 13 14 15 16 17 18 19 20 21 22 23 | 23.0
Throwing       | 1 2 3 4 5 6 7 8 9 10 11 12 13 14 15 16 | 16.0
Shields        | 3 4 5 6 8 9 10 11 12 13 14 15 16 17 18 19 | 19.5
Evocations     | 3 5 6 7 8 9 10 11 12 13 14 15 17 18 19 20 | 20.0

Action                   |  1- 3 |  4- 6 |  7- 9 | 10-12 | 13-15 | 16-18 | 19-21 | 22-24 | 25-27 || total
-------------------------+-------+-------+-------+-------+-------+-------+-------+-------+-------++-------
Melee: Hand axe          |    53 |   119 |   307 |   209 |       |       |       |       |       ||   688
       Punch             |     1 |     2 |     2 |       |       |       |       |       |       ||     5
       Scythe            |       |    14 |       |       |       |       |       |       |       ||    14
       War axe           |       |       |    65 |   316 |       |       |       |       |       ||   381
       Broad axe         |       |       |       |   324 |   758 |  1086 |  1308 |  2015 |   524 ||  6015
       Unarmed           |       |       |       |     6 |       |       |       |       |       ||     6
Throw: Dart              |     2 |     1 |       |       |       |    59 |    28 |       |       ||    90
       Boomerang         |       |       |    18 |    66 |   221 |    99 |    93 |    95 |    12 ||   604
       Throwing net      |       |       |       |       |     1 |     1 |     1 |       |       ||     3
       Javelin           |       |       |       |       |       |    24 |     6 |     4 |       ||    34
Invok: Berserk           |     3 |     5 |    10 |    25 |    11 |    12 |     9 |    15 |     1 ||    91
       Trog's Hand       |       |       |     3 |     7 |     2 |     4 |     6 |     3 |     3 ||    28
       Brothers in Arms  |       |       |       |     4 |    10 |     8 |     9 |    12 |       ||    43
 Abil: Evoke Invisibilit |       |       |       |       |       |     1 |       |       |       ||     1
Evoke: Wand              |       |       |     2 |     2 |     3 |     1 |    10 |       |       ||    18
       Condenser vane    |       |       |       |       |     2 |     8 |     3 |     4 |     1 ||    18
       Phantom mirror    |       |       |       |       |       |     1 |     1 |     2 |       ||     4
       Box of beasts     |       |       |       |       |       |       |     1 |     1 |       ||     2
       Tin of tremorston |       |       |       |       |       |       |       |     4 |     2 ||     6
  Use: Scroll            |     3 |     3 |     6 |    14 |     5 |     9 |     6 |     3 |     4 ||    53
       Potion            |       |       |       |     1 |       |     3 |     3 |     8 |       ||    15
 Stab: Sleeping          |     1 |       |       |       |       |       |       |       |       ||     1
       Held in net/web   |       |       |       |       |     1 |       |       |       |       ||     1
       Invisible         |       |       |       |       |       |     9 |       |     7 |       ||    16
       Distracted        |       |       |       |       |       |     2 |     3 |     5 |     1 ||    11
       Petrified         |       |       |       |       |       |     1 |       |     2 |       ||     3
Armor: Animal skin       |     5 |       |       |       |       |       |       |       |       ||     5
       Scale mail        |     3 |    12 |       |       |       |       |       |       |       ||    15
       Plate armour      |       |    49 |   264 |   540 |   299 |   689 |   590 |   859 |   305 ||  3595
       Chain mail        |       |       |       |       |   211 |       |       |       |       ||   211
Dodge: Dodged            |    42 |    71 |   130 |   417 |   466 |   604 |   474 |   741 |   314 ||  3259
Block: Buckler           |       |       |    71 |   249 |   274 |   256 |       |       |       ||   850
       Kite shield       |       |       |       |       |       |   158 |       |       |       ||   158
       Tower shield      |       |       |       |       |       |   626 |  1269 |  1887 |   690 ||  4472
       Reflection        |       |       |       |       |       |   134 |    67 |    32 |    53 ||   286
